 Dungeon Sprint DCSS version 0.18-b1-20-g17449fe (webtiles) character file.

171 LORDOFBUTT the Ruffian (level 5, 0/59 HPs)
             Began as a Troll Berserker on May 3, 2016.
             Was an Elder of Trog.
             Slain by an unseen horror (6 damage)
             ... in the Dungeon (Sprint IX: "|||||||||||||||||||||||||||||").
             The game lasted 00:00:34 (193 turns).

LORDOFBUTT the Ruffian (Troll Berserker)             Turns: 193, Time: 00:00:34

Health: 0/59       AC:  7    Str: 25    XL:     5   Next: 26%
Magic:  4/4        EV: 11    Int:  6    God:    Trog [****..]
Gold:   0          SH:  0    Dex: 10    Spells: 0 memorised, 4 levels left

rFire  . . .     SeeInvis .       - Unarmed
rCold  . . .     Gourm    +     a - +0 animal skin
rNeg   . . .     Faith    .     (no shield)
rPois  .         Spirit   .     (helmet restricted)
rElec  .         Dismiss  .     (no cloak)
rCorr  .         Reflect  .     (gloves unavailable)
SustAt .         Harm     .     (boots unavailable)
MR     .....     NoTele   +     (no amulet)
Stlth  +.........               m - +3 ring of intelligence
                                l - +2 ring of protection

@: not resistant to hostile enchantments, very unstealthy
A: unfitting armour, claws 3, fast metabolism 3, gourmand, regeneration 2,
shaggy fur 1, tough skin 2
a: Berserk, Trog's Hand, Brothers in Arms, Burn Spellbooks, Renounce Religion


You were in the Dungeon.
You worshipped Trog.
Trog was greatly pleased with you.
You were very full.

You visited 1 branch

Inventory:

Armour
 a - a +0 animal skin (worn)
Jewellery
 l - a +2 ring of protection (left claw)
 m - a +3 ring of intelligence (right claw)
Wands
 k - a wand of lightning (7/15)
Scrolls
 h - 2 scrolls of blinking
 j - 3 scrolls of remove curse
Potions
 c - 5 potions of curing
 d - 3 potions of heal wounds
 e - a potion of haste
 f - 4 potions of magic
 g - a potion of berserk rage
 i - a potion of invisibility
Comestibles
 b - 2 bread rations


   Skills:
 + Level 5.7 Fighting
 + Level 5.7 Dodging
 + Level 7.0 Unarmed Combat


You had 4 spell levels left.
You didn't know any spells.

Dungeon Overview and Level Annotations

Branches:
Dungeon (1/1)

Altars:
Cheibriados
Dithmenos
Elyvilon
Fedhas
Gozag
Kikubaaqudgha
Makhleb
Nemelex Xobeh
Okawaru
Pakellas
Qazlal
Ru
Sif Muna
Trog
Vehumet
Xom
Yredelemnul
Zin
The Shining One
Beogh
Jiyva
Lugonu


Innate Abilities, Weirdness & Mutations

You are too large for most types of armour.
You have claws for hands.
Your metabolism is lightning-fast.
You like to eat raw meat.
You heal very quickly.
You are covered in fur (AC +1).
You have very tough skin (AC +2).


Message History

You barely miss the hound.
The hound is almost dead.
The hound closely misses you.
You claw the hound!
You kill the hound!
Trog accepts your kill.
Your Unarmed Combat skill increases to level 7!
Something hits you!
Deactivating autopickup; reactivate with Ctrl-A.
Something hits you.
You completely miss something. Your claw misses something. Something hits you.
Something hits you!
You scratch something. Something hits you. x2
You closely miss something. Something hits you. x2
You claw something! Something hits you. Something hits you!
* * * LOW HITPOINT WARNING * * *
Something hits you.
* * * LOW HITPOINT WARNING * * *
You miss something. Something hits you.
You die...

▓.▓
▓?▓
▓|▓
▓)▓
▓[▓
▓[▓
▓[▓
▓.▓
▓@▓
▓'▓
▓h▓
▓O▓
▓Y▓
▓S▓
▓.▓
▓.▓


You could see a black bear, an ice beast, an ogre and an adder.

Vanquished Creatures
  An ogre (D)
  A hound (D)
  A jelly (D)
  A gnoll (D)
  An adder (D)
  A giant cockroach (D)
  A kobold (D)
  4 goblins (D)
11 creatures vanquished.

Vanquished Creatures (others)
  A spatial maelstrom (D)
1 creature vanquished.

Grand Total: 12 creatures vanquished

Notes
Turn   | Place    | Note
--------------------------------------------------------------
     0 | D        | LORDOFBUTT the Troll Berserker began the quest for the Orb.
     0 | D        | Reached XP level 1. HP: 22/22 MP: 0/0
     0 | D        | Banished a spatial maelstrom
     9 | D        | Reached ** piety under Trog
    18 | D        | Noticed a jelly
    18 | D        | Noticed an ogre
    20 | D        | Killed a jelly
    20 | D        | Reached *** piety under Trog
    20 | D        | Reached skill level 4 in Unarmed Combat
    20 | D        | Reached XP level 2. HP: 29/32 MP: 1/1
    20 | D        | Reached XP level 3. HP: 35/39 MP: 2/2
    25 | D        | Reached skill level 5 in Unarmed Combat
    33 | D        | Killed an ogre
    33 | D        | Reached **** piety under Trog
    33 | D        | Reached skill level 5 in Fighting
    33 | D        | Reached skill level 5 in Dodging
    33 | D        | Reached skill level 6 in Unarmed Combat
    33 | D        | Reached XP level 4. HP: 7/50 MP: 3/3
    33 | D        | Reached XP level 5. HP: 8/57 MP: 4/4
   139 | D        | Found a glowing silver altar of Zin.
   139 | D        | Found a glowing golden altar of the Shining One.
   139 | D        | Found an ancient bone altar of Kikubaaqudgha.
   139 | D        | Found a basalt altar of Yredelemnul.
   139 | D        | Found a shimmering altar of Xom.
   139 | D        | Found a radiant altar of Vehumet.
   140 | D        | Found an iron altar of Okawaru.
   141 | D        | Found a burning altar of Makhleb.
   142 | D        | Found a deep blue altar of Sif Muna.
   143 | D        | Found a bloodstained altar of Trog.
   144 | D        | Found a sparkling altar of Nemelex Xobeh.
   145 | D        | Found a white marble altar of Elyvilon.
   146 | D        | Found a roughly hewn altar of Beogh.
   147 | D        | Found a viscous altar of Jiyva.
   148 | D        | Found a corrupted altar of Lugonu.
   149 | D        | Found a blossoming altar of Fedhas.
   150 | D        | Found a snail-covered altar of Cheibriados.
   151 | D        | Found a shadowy altar of Dithmenos.
   152 | D        | Found a stormy altar of Qazlal.
   153 | D        | Found an opulent altar of Gozag.
   154 | D        | Found a sacrificial altar of Ru.
   155 | D        | Found an oddly glowing altar of Pakellas.
   181 | D        | Noticed a black bear
   181 | D        | Noticed an ogre
   181 | D        | Noticed an ice beast
   188 | D        | Reached skill level 7 in Unarmed Combat
   193 | D        | Slain by an unseen horror

Skill      XL: |  1  2  3  4  5 |
---------------+----------------+-----
Fighting       | 3 5 |  5.7
Dodging        | 3 5 |  5.7
Unarmed Combat | 4 6 7 |  7.0

Action                   |  1- 3 |  4- 6 || total
-------------------------+-------+-------++-------
Melee: Unarmed           |    22 |    12 ||    34
  Eat: Chunk             |       |     5 ||     5
Armor: Animal skin       |     3 |     2 ||     5
Dodge: Dodged            |     8 |     4 ||    12
